 Dungeon Crawl Stone Soup version 0.29-a0-364-g921d912d32 (webtiles) character file.

Game seed: 9595426707601951989

24 lesaewzxc the Cutter (level 2, 0/29 HPs)
             Began as a Troll Berserker on Apr 30, 2022.
             Was a Follower of Trog.
             Slain by a kobold
             ... wielding a +0 whip
              (1 damage)
             ... on level 2 of the Dungeon.
             The game lasted 00:04:45 (397 turns).

lesaewzxc the Cutter (Troll Berserker)               Turns: 397, Time: 00:04:45

Health: 0/29       AC:  4    Str: 24    XL:     2   Next: 79%
Magic:  1/1        EV: 10    Int:  3    God:    Trog [*.....]
Gold:   12         SH:  0    Dex:  9    Spells: 1/1 levels left

rFire   . . .      SeeInvis .   g - +0 whip
rCold   . . .      Faith    .   (no shield)
rNeg    . . .      Spirit   .   b - +0 animal skin
rPois   .          Reflect  .   (helmet restricted)
rElec   .          Harm     .   (no cloak)
rCorr   .          Rampage  .   (gloves unavailable)
Will    .....                   (boots unavailable)
Stlth   +.........              (no amulet)
HPRegen 0.89/turn               (no ring)
MPRegen 0.07/turn               (no ring)

@: lethally poisoned (0 -> -1)
A: large, unfitting armour, claws 3, regeneration 1, shaggy fur 1, tough skin 1
a: Renounce Religion, Berserk


You were on level 2 of the Dungeon.
You worshipped Trog.
Trog was aware of your devotion.
You visited 1 branch of the dungeon, and saw 2 of its levels.

You collected 12 gold pieces.

Inventory:

Hand Weapons
 a - a +0 short sword
 f - a +0 dagger
 g - a +0 whip (weapon)
Missiles
 i - 73 stones (quivered)
 k - 6 poisoned darts
Armour
 b - a +0 animal skin (worn)
 c - a +0 leather armour
Scrolls
 d - a scroll of identify {unknown}
 j - a scroll of torment {unknown}
 l - a scroll of summoning {unknown}
Potions
 e - a potion of might {unknown}
 h - a potion of degeneration {unknown}


   Skills:
 + Level 2.7 Fighting
 + Level 2.7 Short Blades
 + Level 0.6 Maces & Flails
 + Level 2.7 Dodging


You had one spell level left.
You didn't know any spells.
Your spell library was empty.

Dungeon Overview and Level Annotations

Branches:
Dungeon (2/15)

Altars:


Innate Abilities, Weirdness & Mutations

You are too large for most types of armour.
You have claws for hands.
Your natural rate of healing is unusually fast.
You are covered in fur. (AC +1)
You have tough skin. (AC +1)


Message History

You are more poisoned.
The adder poisons you! The kobold hits you with a +0 whip.
You feel very sick. The kobold attacks as you move away!
The kobold barely misses you.
You feel sick. The adder bites you but does no damage.
You feel very sick. The adder bites you but does no damage.
You miss the adder.
You feel sick. The adder bites you but does no damage.
You closely miss the adder.
You feel sick. The adder bites you but does no damage.
You closely miss the adder.
You feel sick. The adder closely misses you.
The adder bites you but does no damage.
You barely miss the adder.
You feel sick. The adder bites you.
You are more poisoned.
The adder poisons you!
You hit the adder.
The adder is moderately wounded.
You feel sick. The adder bites you. The adder misses you.
You closely miss the adder.
The adder is moderately wounded.
You feel sick. The adder barely misses you.
You closely miss the adder.
The adder is moderately wounded.
You feel sick. The adder bites you.
* * * LOW HITPOINT WARNING * * *
You are more poisoned.
The adder poisons you!
You feel sick. The adder closely misses you.
You barely miss the adder.
The adder is moderately wounded.
You feel sick. The adder barely misses you. The adder attacks as you move away!
The adder bites you.
* * * LOW HITPOINT WARNING * * *
The kobold attacks as you move away! The kobold closely misses you.
You feel sick. The kobold attacks as you move away!
The kobold hits you with a +0 whip.
* * * LOW HITPOINT WARNING * * *
x2 You feel sick.
The adder bites you but does no damage. The kobold attacks as you move away!
The kobold hits you with a +0 whip.
You die...

#....#### ..#
#.#### #..# ..
#.†.### ...#..(
#.....## ...#.(.
#......###..((...
#.###..##..(.#
#.###...#....#
#..##K..#....####
#...@S.w.........
###########.#####
... ####


You could see a worm, an adder and a kobold.

Vanquished Creatures
  A worm (D:2)
  2 bats (D:2)
  2 endoplasms (D:2)
  3 hobgoblins
  3 ball pythons
  3 frilled lizards
  3 goblins
  3 kobolds
20 creatures vanquished.

Notes
Turn   | Place    | Note
-------+----------+-------------------------------------------
     0 | D:1      | lesaewzxc the Troll Berserker began the quest for the Orb.
     0 | D:1      | Reached XP level 1. HP: 22/22 MP: 0/0
   175 | D:2      | Reached XP level 2. HP: 24/29 MP: 1/1
   396 | D:2      | HP: 1/29 [kobold/+0 whip (3)]
   397 | D:2      | Slain by a kobold

Illustrated notes

Levels and vault maps discovered:
D:1:      lemuel_arrival_muddy, layout_loops_corners, palyth_stone_intersect,
          st_stairs_11, minmay_misc_feat_x
D:2:      minmay_recursive_quarters, layout_basic, uniq_jessica

Action                   || total
-------------------------++-------
Melee: Short sword       ||    25
       Whip              ||    59
       Punch             ||     1
Throw: Stone             ||    16
Armor: Animal skin       ||    61
Dodge: Dodged            ||    75

Table legend: (Time is in decaauts)
 A = Elapsed time spent in this place.
 B = Non-inter-level travel time spent in this place.
 C = Inter-level travel time spent in this place.
 D = Time resting spent in this place.
 E = Time spent auto-exploring this place.
 F = Levels seen in this place.
 G = Mean time per level.
                   A        B        C        D        E       F      G
               +--------+--------+--------+--------+--------+-----+--------+
         Total |    402 |    345 |     57 |      0 |      0 |   2 |  201.0 |
       Dungeon |    402 |    345 |     57 |      0 |      0 |   2 |  201.0 |
               +--------+--------+--------+--------+--------+-----+--------+

Top non-repeatable levels by time:
     D:2: 247 daAuts
     D:1: 155 daAuts
